 Dungeon Crawl Stone Soup version 0.19.4-8-ga85b6b9 (webtiles) character file.

66 Feta the Digger (level 4, -1/24 HPs)
             Began as a Gargoyle Earth Elementalist on Feb 11, 2017.
             Slain by Crazy Yiuf
             ... wielding a +3 quarterstaff of chaos
              (2 damage)
             ... on level 2 of the Dungeon.
             The game lasted 00:08:42 (2243 turns).

Feta the Digger (Gargoyle Earth Elementalist)       Turns: 2243, Time: 00:08:43

Health: -1/24      AC:  6    Str: 12    XL:     4   Next: 15%
Magic:  2/7        EV: 12    Int: 15    God:
Gold:   79         SH:  0    Dex: 11    Spells: 2 memorised, 5 levels left

rFire  . . .     SeeInvis .     q - +0 club
rCold  . . .     Gourm    .     f - +0 leather armour
rNeg   + . .     Faith    .     (no shield)
rPois  ∞         Spirit   .     (no helmet)
rElec  +         Reflect  .     (no cloak)
rCorr  .         Harm     .     (no gloves)
MR     .....                    (no boots)
Stlth  ++........               (no amulet)
                                (no ring)
                                (no ring)

@: very slightly contaminated
A: negative energy resistance 1, electricity resistance, unbreathing,
petrification resistance, rot immunity, AC +3
a: no special abilities


You were on level 2 of the Dungeon.
You were very hungry.

You visited 1 branch of the dungeon, and saw 2 of its levels.

You collected 79 gold pieces.

Inventory:

Hand Weapons
 i - a +0 dagger of holy wrath
 q - a +0 club (weapon)
Missiles
 b - 91 stones (quivered)
 n - 20 bolts
Armour
 f - a +0 leather armour (worn)
Jewellery
 l - an uncursed amulet of the gourmand {unknown}
Scrolls
 g - 5 scrolls of identify {unknown}
 h - a scroll of blinking {unknown}
 k - 5 scrolls of teleportation {unknown}
 r - a scroll of recharging {unknown}
Potions
 c - a potion of agility {unknown}
 j - a potion of cancellation {unknown}
 m - a potion of mutation {unknown}
 s - a potion of brilliance {unknown}
Books
 e - a book of Geomancy

   Spells                             Type                      Level
   a - Sandblast                      Earth                        1
   b - Passwall                       Transmutation/Earth          2
   c - Stone Arrow                    Conjuration/Earth            3
   d - Petrify                        Transmutation/Earth          4
   e - Lee's Rapid Deconstruction     Earth                        5
Comestibles
 a - 3 chunks of flesh
 d - 3 bread rations
 o - a meat ration
 p - a royal jelly


   Skills:
 + Level 1.0 Armour
 + Level 2.0 Dodging
 + Level 2.4 Stealth
 + Level 2.6 Spellcasting
 - Level 1.0 Transmutations
 + Level 4.4 Earth Magic


You had 5 spell levels left.
You knew the following spells:

 Your Spells              Type           Power        Failure   Level  Hunger
a - Sandblast             Erth           ###...       4%          1    #......
b - Passwall              Tmut/Erth      ##........   17%         2    ###....


Dungeon Overview and Level Annotations

Branches:
Dungeon (2/15)

Altars:
Ashenzari

Annotations:
D:2 Crazy Yiuf, Sigmund


Innate Abilities, Weirdness & Mutations

You are resistant to torment.
Your stone body is resilient. (AC +3)
You are immune to poison.
You resist negative energy. (rN+)
You are resistant to electric shocks. (rElec)
You can survive without breathing.
You are immune to petrification.
You are immune to rotting.


Message History

Aiming: Sandblast
Press: ? - help, Shift-Dir - straight line, f/p - Crazy Yiuf
Aim: Crazy Yiuf, wielding a quarterstaff of chaos and wearing a cloak (heavily wounded)
The blast of sand hits Crazy Yiuf.
Crazy Yiuf is severely wounded.
Crazy Yiuf hits you with a quarterstaff of chaos.
You hit Crazy Yiuf but do no damage.
Crazy Yiuf is severely wounded.
Crazy Yiuf grits, "Goldfish childish snockshim!"
Crazy Yiuf hits you with a quarterstaff of chaos.
You hit Crazy Yiuf but do no damage.
Crazy Yiuf is severely wounded.
Crazy Yiuf grits, "Pitchfork alas fast!"
Crazy Yiuf drinks a potion.
Crazy Yiuf is healed!
Crazy Yiuf closely misses you.
You barely miss Crazy Yiuf.
Crazy Yiuf hits you with a quarterstaff of chaos!
* * * LOW HITPOINT WARNING * * *
Crazy Yiuf freezes you.
You die...

............................>....
##..........###......#.########.#
#..........# #......#.# #.#
#....####### ########.# #..
###.#.# #.########## ......#
#........... ###.#.##♣♣ #####
#....######. #......♣♣ ♣♣#..)#
#.##.### #. #[......♣♣♣♣.'@g.#
#......# #. #.#......♣..♣#...#
#......# #. ###.......♣.♣♣♣#####
#......# #. ...#####♣♣♣♣♣
#......# #. ##.# #......# #. #.#
### #########......####. #.# #.#
#..............##... #.#
#.#.##.............+.... #.#
#.#................##.##


You could see Crazy Yiuf.

Vanquished Creatures
  An adder (D:2)
  An ooze (D:1)
  A worm (D:2)
  A dart slug (D:1)
  2 leopard geckos
  8 bats
  2 giant cockroaches (D:2)
  5 goblins
  8 hobgoblins
  5 kobolds
  A ball python (D:1)
  8 rats
43 creatures vanquished.

Notes
Turn   | Place    | Note
-------+----------+-------------------------------------------
     0 | D:1      | Feta the Gargoyle Earth Elementalist began the quest for the Orb.
     0 | D:1      | Reached XP level 1. HP: 10/10 MP: 3/3
   173 | D:1      | Reached XP level 2. HP: 4/15 MP: 0/5
   540 | D:1      | Reached skill level 4 in Earth Magic
   845 | D:1      | Reached XP level 3. HP: 16/19 MP: 6/6
  1115 | D:2      | Noticed Sigmund
  1526 | D:2      | Learned a level 2 spell: Passwall
  1650 | D:2      | Reached skill level 1 in Transmutations
  1889 | D:2      | Reached XP level 4. HP: 24/24 MP: 1/7
  1930 | D:2      | Reached skill level 1 in Armour
  2031 | D:2      | Found a shattered altar of Ashenzari.
  2228 | D:2      | Found a runed door.
  2232 | D:2      | Noticed Crazy Yiuf
  2243 | D:2      | HP: 1/24 [Crazy Yiuf/quarterstaff of chaos (8)]
  2243 | D:2      | Slain by Crazy Yiuf

Skill      XL: |  1  2  3  4 |
---------------+-------------+-----
Earth Magic    | 4 |  4.4
Dodging        | 2 |  2.0
Transmutations | 1 |  1.0
Armour         | 1 |  1.0
Stealth        | |  2.4
Spellcasting   | |  2.6

Action                   |  1- 3 |  4- 6 || total
-------------------------+-------+-------++-------
Melee: Unarmed           |    18 |       ||    18
       Dagger            |   115 |     3 ||   118
       Club              |       |    22 ||    22
 Cast: Sandblast         |    34 |    13 ||    47
 Stab: Sleeping          |     1 |       ||     1
  Eat: Chunk             |     3 |     1 ||     4
Armor: Leather armour    |    72 |    13 ||    85
       Robe              |     1 |       ||     1
Dodge: Dodged            |    98 |    19 ||   117
